 Dungeon Crawl Stone Soup version 0.28.0-1-gb440e238dd (webtiles) character file.

Game seed: 13270133025521570271

540 Ablot the Grasshopper (level 7, -1/56 HPs)
             Began as a Gnoll Warper on Feb 27, 2022.
             Slain by a centaur (2 damage)
             ... on level 5 of the Dungeon.
             The game lasted 00:09:02 (6114 turns).

Ablot the Grasshopper (Gnoll Warper)                Turns: 6114, Time: 00:09:03

Health: -1/56      AC:  4    Str: 12    XL:     7   Next: 26%
Magic:  24/24      EV: 13    Int: 12    God:
Gold:   149        SH:  0    Dex: 12    Spells: 15/17 levels left

rFire   . . .      SeeInvis .   a - +0 trident
rCold   . . .      Faith    .   (no shield)
rNeg    . . .      Spirit   .   b - +0 leather armour
rPois   .          Reflect  .   q - +0 helmet
rElec   .          Harm     .   (no cloak)
rCorr   .          Rampage  .   (no gloves)
Will    .....                   (no boots)
Stlth   ++........              (no amulet)
HPRegen 0.18/turn               w - ring of magical power
MPRegen 0.19/turn               C - ring of flight

@: flying
A: fangs 1, strong nose, distributed training
a: no special abilities


You were on level 5 of the Dungeon.
You visited 2 branches of the dungeon, and saw 6 of its levels.

You collected 215 gold pieces.
You spent 66 gold pieces at shops.

Inventory:

Hand Weapons
 a - a +0 trident (weapon)
 e - a +2 dagger of venom
Missiles
 d - 5 boomerangs of dispersal
 f - 91 stones
 l - 3 curare-tipped darts
 o - 3 atropa-tipped darts
 u - 2 boomerangs (quivered)
 x - 6 poisoned darts
 y - 24 arrows
 B - 11 bolts
Armour
 b - a +0 leather armour (worn)
 q - a +0 helmet (worn)
Jewellery
 w - a ring of magical power (left hand)
 C - a ring of flight (right hand)
Wands
 n - a wand of paralysis (7)
Scrolls
 c - a scroll of blinking
 g - 5 scrolls of identify
 h - 2 scrolls of enchant weapon {unknown}
 i - 2 scrolls of enchant armour {unknown}
 j - a scroll of vulnerability {unknown}
 p - 2 scrolls of immolation {unknown}
 r - a scroll of fog {unknown}
 t - 2 scrolls of noise
 v - 2 scrolls of teleportation
 z - a scroll of amnesia {unknown}
 E - a scroll of acquirement {unknown}
Potions
 k - a potion of resistance {unknown}
 m - a potion of mutation {unknown}
 s - 3 potions of curing {unknown}
 A - 2 potions of haste {unknown}
 D - a potion of flight {unknown}


   Skills:
 + Level 5.2 Fighting
 + Level 2.3 Short Blades
 + Level 2.3 Long Blades
 + Level 2.3 Axes
 + Level 2.3 Maces & Flails
 + Level 5.2 Polearms
 + Level 2.3 Staves
 + Level 2.3 Slings
 + Level 2.3 Bows
 + Level 2.3 Crossbows
 + Level 3.5 Throwing
 + Level 3.5 Armour
 + Level 5.2 Dodging
 + Level 2.3 Stealth
 + Level 2.3 Shields
 + Level 2.3 Unarmed Combat
 + Level 5.5 Spellcasting
 + Level 1.9 Conjurations
 + Level 1.9 Hexes
 + Level 1.9 Summonings
 + Level 1.9 Necromancy
 + Level 5.8 Translocations
 + Level 1.9 Transmutations
 + Level 1.9 Fire Magic
 + Level 1.9 Ice Magic
 + Level 1.9 Air Magic
 + Level 1.9 Earth Magic
 + Level 1.9 Poison Magic
 + Level 2.6 Invocations
 + Level 2.3 Evocations


You had 15 spell levels left.
You knew the following spells:

 Your Spells              Type           Power      Damage    Failure   Level
a - Blink                 Tloc           34%        N/A       3%          2

Your spell library contained the following spells:

 Spells                   Type           Power      Damage    Failure   Level
 Gell's Gravitas          Tloc           17%        N/A       7%          3
 Lesser Beckoning         Tloc           17%        N/A       7%          3
 Teleport Other           Tloc           17%        N/A       7%          3
 Scorch                   Fire           16%        2d6       16%         2
 Sublimation of Blood     Necr           8%         N/A       16%         2
 Manifold Assault         Tloc           17%        N/A       52%         5
 Animate Dead             Necr           4%         N/A       71%         4
 Flame Wave               Conj/Fire      8%         2d5       71%         4
 Petrify                  Tmut/Erth      8%         N/A       71%         4
 Summon Forest            Summ/Tloc      6%         N/A       80%         5
 Borgnjor's Vile Clutch   Necr/Erth      4%         N/A       96%         5
 Irradiate                Conj/Tmut      4%         3d15      96%         5
 Summon Mana Viper        Hex/Summ       8%         N/A       96%         5
 Death Channel            Necr           4%         N/A       100%        6
 Summon Cactus Giant      Summ           4%         N/A       100%        6


Dungeon Overview and Level Annotations

Branches:
Dungeon (5/15)             Temple (1/1) D:5

Altars:
Cheibriados
Gozag
Hepliaklqana
Kikubaaqudgha
Nemelex Xobeh
Qazlal
Uskayaw
Wu Jian
Xom
Zin

Shops:
D:2 :   D:5 ?


Innate Abilities, Weirdness & Mutations

You have very sharp teeth.
Your uncanny sense of smell can sniff out nearby items.
Your experience applies equally to all skills.


Message History

The centaur shoots an arrow.
The arrow barely misses you.
The centaur unwields a +0 shortbow.
The centaur hits you. The centaur barely misses you. The centaur hits you.
The centaur kicks you but does no damage.
You hit the centaur. Your bite misses the centaur.
The centaur is moderately wounded.
The centaur hits you. The centaur kicks you.
You hit the centaur. You bite the centaur, but do no damage.
The centaur is heavily wounded.
The centaur hits you.
The centaur kicks you but does no damage.
The centaur hits you. The centaur barely misses you.
You completely miss the centaur. You bite the centaur, but do no damage.
The centaur is heavily wounded.
The centaur barely misses you.
The centaur kicks you but does no damage.
You hit the centaur.
The centaur is heavily wounded.
The centaur barely misses you. The centaur closely misses you.
The centaur hits you. The centaur closely misses you.
You barely miss the centaur.
The centaur is heavily wounded.
The centaur hits you.
* * * LOW HITPOINT WARNING * * *
The centaur kicks you.
* * * LOW HITPOINT WARNING * * *
You hit the centaur but do no damage.
The centaur is heavily wounded.
The centaur hits you.
* * * LOW HITPOINT WARNING * * *
The centaur closely misses you. The centaur misses you. The centaur kicks you.
* * * LOW HITPOINT WARNING * * *
You hit the centaur but do no damage. Your bite misses the centaur.
The centaur is heavily wounded.
The centaur hits you but does no damage.
The centaur kicks you but does no damage.
The centaur hits you.
* * * LOW HITPOINT WARNING * * *
The centaur kicks you.
You die...

######....### #...##....#.......
# #......####..#..#....#......
##...............#.#..#......
#...##..........#...##......#
##...#####................####
####....#######.....#####.#..##
............####...## #.....#
....................# ####..#
...............c@...# #..##
.................#..# #...#
................##...# ##..##
..........).....###..# #...#
.................# ...# #...#
..................$..... ##...
.................................
.........................
.........................


You could see a centaur.

Vanquished Creatures
  A necrophage (D:5)
  A phantom (D:5)
  A scorpion (D:5)
  2 hounds
  An orc priest (D:3)
  Ijyb (D:1)
  An orc wizard (D:2)
  Robin (D:2)
  4 adders
  A worm (D:3)
  A dart slug (D:4)
  16 orcs
  8 endoplasms
  6 giant cockroaches
  21 goblins
  12 hobgoblins
  2 quokkas
  7 ball pythons
  8 bats
  4 frilled lizards
  10 kobolds
  8 rats
117 creatures vanquished.

Notes
Turn   | Place    | Note
-------+----------+-------------------------------------------
     0 | D:1      | Ablot the Gnoll Warper began the quest for the Orb.
     0 | D:1      | Reached XP level 1. HP: 20/20 MP: 6/6
   133 | D:1      | Reached XP level 2. HP: 15/26 MP: 7/7
   136 | D:1      | Learned a level 2 spell: Blink
   628 | D:1      | Reached XP level 3. HP: 31/31 MP: 9/9
   644 | D:1      | Found a faded altar of an unknown god.
   726 | D:1      | Reached skill level 5 in Spellcasting
   793 | D:2      | Reached skill level 1 in Invocations
   795 | D:2      | Noticed Ijyb
   808 | D:2      | Paralysed by Ijyb for 7 turns
   827 | D:1      | Killed Ijyb
   828 | D:1      | Reached skill level 1 in Short Blades
   828 | D:1      | Reached skill level 1 in Long Blades
   828 | D:1      | Reached skill level 1 in Axes
   828 | D:1      | Reached skill level 1 in Maces & Flails
   828 | D:1      | Reached skill level 1 in Staves
   828 | D:1      | Reached skill level 1 in Slings
   828 | D:1      | Reached skill level 1 in Bows
   828 | D:1      | Reached skill level 1 in Crossbows
   828 | D:1      | Reached skill level 1 in Stealth
   828 | D:1      | Reached skill level 1 in Shields
   828 | D:1      | Reached skill level 1 in Unarmed Combat
   828 | D:1      | Reached skill level 1 in Evocations
   828 | D:1      | Reached XP level 4. HP: 9/38 MP: 11/11
  1232 | D:2      | Noticed Robin
  1281 | D:2      | Reached skill level 1 in Conjurations
  1281 | D:2      | Reached skill level 1 in Hexes
  1281 | D:2      | Reached skill level 1 in Summonings
  1281 | D:2      | Reached skill level 1 in Necromancy
  1281 | D:2      | Reached skill level 1 in Transmutations
  1281 | D:2      | Reached skill level 1 in Fire Magic
  1281 | D:2      | Reached skill level 1 in Ice Magic
  1281 | D:2      | Reached skill level 1 in Air Magic
  1281 | D:2      | Reached skill level 1 in Earth Magic
  1281 | D:2      | Reached skill level 1 in Poison Magic
  1295 | D:2      | Killed Robin
  1556 | D:2      | Found Onoc Meto's Book Shop.
  1699 | D:2      | Reached XP level 5. HP: 42/43 MP: 12/12
  3524 | D:4      | Reached XP level 6. HP: 27/50 MP: 13/13
  4815 | D:5      | Entered Level 5 of the Dungeon
  4907 | D:5      | Found Ucid's Magic Scroll Shoppe.
  4915 | D:5      | Bought a scroll of identify for 22 gold pieces
  4915 | D:5      | Bought a scroll of noise for 11 gold pieces
  4915 | D:5      | Bought a scroll of teleportation for 33 gold pieces
  4928 | D:5      | Reached skill level 5 in Fighting
  4928 | D:5      | Reached skill level 5 in Polearms
  4928 | D:5      | Reached skill level 5 in Dodging
  5302 | D:5      | Reached XP level 7. HP: 8/56 MP: 15/15
  5735 | D:5      | Found a staircase to the Ecumenical Temple.
  5744 | Temple   | Entered the Ecumenical Temple
  6113 | D:5      | HP: 2/56 [centaur (3)]
  6114 | D:5      | Slain by a centaur

Illustrated notes

Levels and vault maps discovered:
D:1:      dpeg_arrival_ratfight, layout_rooms,
          shapermc_ecumenical_altar_mp_urbaneastern
D:2:      kennysheep_the_goblin_king, layout_basic, serial_shops,
          nicolae_shop_waterfront, uniq_robin
D:3:      layout_rooms, roderic_roman_lattice, kennysheep_path_1, fountainhead
D:4:      layout_basic, minmay_misc_feat_chi, serial_park_tiny_pond
D:5:      layout_layer_cave, minmay_temple_entry_mini_moons, serial_shops, shop
Temple:   zaba_magenta_temple

Skill      XL: |  1  2  3  4  5  6 |
---------------+-------------------+-----
Spellcasting   | 5 |  5.5
Invocations    | 1 2 |  2.6
Short Blades   | 1 2 |  2.3
Long Blades    | 1 2 |  2.3
Axes           | 1 2 |  2.3
Maces & Flails | 1 2 |  2.3
Staves         | 1 2 |  2.3
Slings         | 1 2 |  2.3
Bows           | 1 2 |  2.3
Crossbows      | 1 2 |  2.3
Stealth        | 1 2 |  2.3
Shields        | 1 2 |  2.3
Unarmed Combat | 1 2 |  2.3
Evocations     | 1 2 |  2.3
Conjurations   | 1 |  1.9
Hexes          | 1 |  1.9
Summonings     | 1 |  1.9
Necromancy     | 1 |  1.9
Transmutations | 1 |  1.9
Fire Magic     | 1 |  1.9
Ice Magic      | 1 |  1.9
Air Magic      | 1 |  1.9
Earth Magic    | 1 |  1.9
Poison Magic   | 1 |  1.9
Throwing       | 3 |  3.5
Armour         | 3 |  3.5
Fighting       | 5 |  5.2
Polearms       | 5 |  5.2
Dodging        | 5 |  5.2
Translocations | |  5.8

Action                   |  1- 3 |  4- 6 |  7- 9 || total
-------------------------+-------+-------+-------++-------
Melee: Dagger            |    62 |   275 |       ||   337
       Spear             |     4 |       |       ||     4
       Bite              |     6 |    38 |     2 ||    46
       Punch             |       |     4 |       ||     4
       Trident           |       |    12 |     8 ||    20
Throw: Boomerang         |       |     1 |     4 ||     5
 Cast: Blink             |       |     3 |       ||     3
 Stab: Sleeping          |     1 |     5 |       ||     6
Armor: Leather armour    |    14 |    68 |     5 ||    87
Dodge: Dodged            |    31 |   174 |    10 ||   215
